 Dungeon Crawl Stone Soup version 0.30-a0-777-ga9a30cbeda (webtiles) character file.

Game seed: 4699713232349934878

20 Flugslaktarn the Shield-Bearer (level 2, 0/21 HPs)
             Began as an Octopode Fighter on Feb 13, 2023.
             Was a Follower of Okawaru.
             Shot with a sling bullet by a goblin (1 damage)
             ... on level 2 of the Dungeon.
             The game lasted 00:00:25 (570 turns).

Flugslaktarn the Shield-Bearer (Octopode Fighter)    Turns: 570, Time: 00:00:26

Health: 0/21       AC:  1    Str: 15    XL:     2   Next: 79%
Magic:  2/2        EV: 13    Int: 10    God:    Okawaru [*.....]
Gold:   22         SH:  4    Dex: 11    Spells: 1/1 levels left

rFire   . . .      SeeInvis .    a - +0 war axe
rCold   . . .      Faith    .    b - +0 buckler
rNeg    . . .      Spirit   .    (helmet restricted)
rPois   .          Reflect  .    (no amulet)
rElec   .          Harm     .    (no ring)
rCorr   .          Rampage  .    (no ring)
Will    .....                    (no ring)
Stlth   ++                       (no ring)
HPRegen 0.23/turn                (no ring)
MPRegen 0.08/turn                (no ring)
                                 (no ring)
                                 (no ring)

@: no status effects
A: almost no armour, amphibious, 8 rings, camouflage 1, gelatinous body 1,
(nimble swimmer 1), tentacles
a: Renounce Religion, Heroism


You were on level 2 of the Dungeon.
You worshipped Okawaru.
Okawaru was aware of your devotion.
You visited 1 branch of the dungeon, and saw 2 of its levels.

You collected 22 gold pieces.

Inventory:

Hand Weapons
 a - a +0 war axe (weapon)
Armour
 b - a +0 buckler (worn)
Scrolls
 c - a scroll of magic mapping {unknown}
 e - a scroll of identify {unknown}
 f - a scroll of amnesia {unknown}
 h - a scroll of blinking {unknown}
Potions
 d - a potion of might
 g - 2 potions of curing {unknown}


   Skills:
 + Level 3.1 Fighting
 * Level 2.5 Axes
 + Level 3.1 Dodging
 + Level 3.1 Shields
 + Level 0.3 Invocations


You had one spell level left.
You didn't know any spells.
Your spell library was empty.

Dungeon Overview and Level Annotations

Branches:
Dungeon (2/15)

Altars:
Okawaru


Innate Abilities, Weirdness & Mutations

You cannot wear most types of armour.
You are amphibious.
You can wear up to eight rings at the same time.
Your skin changes colour to match your surroundings (Stealth+).
Your rubbery body absorbs attacks. (AC +1, EV +1)
((You are camouflaged when in or above water. (Stealth+)))
You have tentacles for arms and can constrict up to eight enemies at once.


Message History

An endoplasm comes into view.
The endoplasm quivers.
An endoplasm is nearby!
The endoplasm hits you.
You slash the endoplasm!
You kill the endoplasm!
Okawaru accepts your kill.
No target in view!
No target in view!
No target in view!
HP restored.
g - 2 metallic green potions You see here 4 stones.
A ball python comes into view.
Found a scroll labelled MILLIA EZYL.
A ball python is nearby!
Found 5 stones.
The helpless ball python fails to defend itself.
You hit the ball python. You grab the ball python. You squeeze the ball python.
You kill the ball python!
Okawaru accepts your kill.
No target in view!
No target in view!
No target in view!
h - a scroll labelled MILLIA EZYL
Found a stone staircase leading down.
A goblin comes into view. It is wielding a +0 club.
The goblin shouts!
The goblin unwields a +0 club.
The goblin wields a +0 sling.
The goblin shoots a sling bullet.
You block the sling bullet.
The goblin shoots a sling bullet.
The sling bullet closely misses you.
The goblin unwields a +0 sling.
The goblin wields a +0 club.
The goblin hits you with a +0 club.
You slash the goblin!
You kill the goblin!
Okawaru accepts your kill.
No target in view!
No target in view!
No target in view!
No target in view!
No target in view!
No target in view!
A frilled lizard comes into view.
A frilled lizard is nearby!
A frilled lizard is nearby!
A frilled lizard is nearby!
The helpless frilled lizard fails to defend itself.
You slash the frilled lizard!
You kill the frilled lizard!
Okawaru accepts your kill.
No target in view!
No target in view!
No target in view!
You see here a frilled lizard corpse.
An orc comes into view. It is wielding a +0 whip.
An orc is nearby!
An orc is nearby!
An orc is nearby!
A bat comes into view.
A goblin comes into view. It is wielding a +0 club.
The goblin shouts!
The orc shouts!
The orc hits you with a +0 whip. The bat closely misses you.
You closely miss the bat. You grab the bat. You closely miss the orc.
You constrict the bat, but do no damage.
The bat hits you.
The bat struggles to escape constriction.
The bat escapes!
The orc hits you with a +0 whip. The orc completely misses you.
You barely miss the bat. Your grab misses the bat. You barely miss the orc.
The bat closely misses you. You block the bat's attack.
You block the orc's attack.
You hit the bat.
You kill the bat!
Okawaru accepts your kill.
You hit the orc. The orc barely misses you. The orc closely misses you.
You hit the orc.
You kill the orc!
Okawaru accepts your kill.
The goblin unwields a +0 club.
The goblin wields a +0 sling.
The goblin shoots a sling bullet.
The sling bullet hits you.
The goblin unwields a +0 sling.
The goblin wields a +0 club.
The goblin hits you but does no damage.
Items here: $ ) [ †.
You closely miss the goblin. Your grab misses the goblin.
Your squeeze misses the goblin. The goblin hits you with a +0 club.
A worm comes into view.
You are too injured to fight recklessly!
You are too injured to fight recklessly!
You miss the goblin. Your grab misses the goblin. You slash the worm!
The goblin misses you. You block the worm's attack.
The goblin attacks as you move away! The goblin hits you with a +0 club.
The goblin unwields a +0 club.
The goblin wields a +0 sling.
The goblin shoots a sling bullet.
The sling bullet misses you.
The goblin shoots a sling bullet.
The sling bullet hits you.
* * * LOW HITPOINT WARNING * * *
Found 10 gold pieces.
The goblin shoots a sling bullet.
The sling bullet hits you.
* * * LOW HITPOINT WARNING * * *
The goblin shoots a sling bullet.
The sling bullet hits you.
You die...

#.#.....# #.#.##..#
#.#.###.# #.#.#
#.### #.#.# #(.†##
#...# ###..# ## .##
##.##### .# .
#.....## .## ..
#####@.# ..####
#.....##......
#......†.#
#.......###
........#.gw#
$........###.......
..#......# ..#....
.......... #......
#.......# #### .


You could see a worm and a goblin.

Vanquished Creatures
  An orc (D:2)
  3 bats
  3 endoplasms
  A giant cockroach (D:1)
  A goblin (D:2)
  A hobgoblin (D:1)
  2 ball pythons
  2 frilled lizards
  2 kobolds (D:1)
  3 rats (D:1)
19 creatures vanquished.

Notes
Turn   | Place    | Note
-------+----------+-------------------------------------------
     0 | D:1      | Flugslaktarn the Octopode Fighter began the quest for the
                  | Orb.
     0 | D:1      | Reached XP level 1. HP: 16/16 MP: 1/1
    71 | D:1      | Found a faded altar of an unknown god.
   212 | D:1      | Prayed at the altar of an unknown god.
   212 | D:1      | Became a worshipper of Warmaster Okawaru
   212 | D:1      | Reached * piety under Okawaru
   233 | D:1      | Reached XP level 2. HP: 21/21 MP: 2/2
   569 | D:2      | HP: 1/21 [goblin/sling bullet (6)]
   570 | D:2      | Shot with a sling bullet by a goblin

Illustrated notes

Levels and vault maps discovered:
D:1:      minmay_arrival_plants_in_alcoves, layout_rooms,
          chequers_ecumenical_altar_simple
D:2:      layout_rooms

Action                     || total
---------------------------++-------
  Melee: War axe           ||    32
         Constrict         ||     8
         Tentacles         ||     4
   Stab: Sleeping          ||     5
 Armour: Skin              ||     2
  Dodge: Dodged            ||    19
  Block: Buckler           ||     8

Table legend: (Time is in decaauts)
 A = Elapsed time spent in this place.
 B = Non-inter-level travel time spent in this place.
 C = Inter-level travel time spent in this place.
 D = Time resting spent in this place.
 E = Time spent auto-exploring this place.
 F = Levels seen in this place.
 G = Mean time per level.
                   A        B        C        D        E       F      G
               +--------+--------+--------+--------+--------+-----+--------+
         Total |    583 |    503 |     80 |      0 |    366 |   2 |  291.5 |
       Dungeon |    583 |    503 |     80 |      0 |    366 |   2 |  291.5 |
               +--------+--------+--------+--------+--------+-----+--------+

Top non-repeatable levels by time:
     D:1: 456 daAuts
     D:2: 126 daAuts
